 Dungeon Crawl Stone Soup version 0.30.0-10-gfe55d96785 (webtiles) character file.

Game seed: 6362485939699921237

24287 zlionsfan the Thaumaturge (level 13, -2/67 HPs)
             Began as a Vine Stalker Necromancer on May 14, 2023.
             Was a High Priest of Makhleb.
             Killed from afar by a catoblepas (5 damage)
             ... with a blast of calcifying dust
             ... on level 3 of the Lair of Beasts.
             The game lasted 00:59:12 (14546 turns).

zlionsfan the Thaumaturge (VSNe)                   Turns: 14546, Time: 00:59:14

Health: -2/67      AC: 10    Str: 11    XL:     13   Next: 12%
Magic:  0/39       EV: 14    Int: 19    God:    Makhleb [*****.]
Gold:   909        SH:  0    Dex: 16    Spells: 26/37 levels left

rFire   + . .        a - +5 spear (venom)
rCold   . . .        (no shield)
rNeg    . . .        C - +3 leather armour {rF+}
rPois   .            K - +2 helmet of Haaxkicayrch {Rampage Slay+3}
rElec   .            i - scarf {repulsion}
rCorr   .            (no gloves)
SInv    .            A - +0 pair of boots
Will    +....        (no amulet)
Stlth   +++          G - +4 ring of slaying
HPRegen 1.11/turn    c - ring of magical power
MPRegen 0.26/turn

%: repel missiles, guardian spirit, rampage
@: studying Shields
A: fangs 3, regeneration 1, magic shield, antimagic bite, no potion heal 2
a: Renounce Religion, Minor Destruction, Lesser Servant of Makhleb, Major
Destruction, Greater Servant of Makhleb


You were on level 3 of the Lair of Beasts.
You worshipped Makhleb.
Makhleb was extremely pleased with you.
You visited 2 branches of the dungeon, and saw 14 of its levels.
You also visited: Gauntlet.

You collected 1030 gold pieces.
You spent 121 gold pieces at shops.

Inventory:

Hand Weapons
 a - a +5 spear of venom (weapon)
 b - a +4 vampiric halberd
Missiles
 d - 9 boomerangs
 q - 5 curare-tipped darts
Armour
 i - a scarf of repulsion (worn)
 A - a +0 pair of boots (worn)
 C - a +3 leather armour of fire resistance (worn)
 K - the +2 helmet of Haaxkicayrch (worn) {Rampage Slay+3}
   (You acquired it on level 6 of the Dungeon)

   Slay:      It affects your accuracy & damage with ranged weapons and melee
   (+3).
   Rampage:   It bestows one free step when moving towards enemies.
Jewellery
 c - a ring of magical power (right hand)
 k - a +5 ring of evasion
 B - a ring of ice
 G - a +4 ring of slaying (left hand)
 O - a +6 ring of intelligence
Wands
 o - a wand of roots (13)
 p - a wand of mindburst (12)
 r - a wand of charming (12)
 s - a wand of flame (38)
 y - a wand of light (13)
Scrolls
 g - 10 scrolls of teleportation
 h - 2 scrolls of magic mapping
 j - 2 scrolls of amnesia
 m - a scroll of butterflies {unknown}
 n - a scroll of immolation {unknown}
 w - 2 scrolls of silence
 E - a scroll of fear
 L - a scroll of blinking
 M - a scroll of fog
 N - a scroll of torment {unknown}
 P - 4 scrolls of poison
Potions
 e - 4 potions of might
 f - a potion of degeneration {unknown}
 l - 2 potions of cancellation
 t - 4 potions of attraction
 u - 3 potions of haste
 v - 2 potions of brilliance
 z - a potion of mutation {unknown}
 D - 2 potions of flight {unknown}
 H - 2 potions of lignification {unknown}
 I - 9 potions of ambrosia
 J - 3 potions of curing
Miscellaneous
 F - a box of beasts


   Skills:
 * Level 7.3 Fighting
 + Level 7.0 Polearms
 + Level 2.7 Armour
 + Level 5.2 Dodging
 + Level 5.5 Stealth
 + Level 1.2 Unarmed Combat
 * Level 12.5 Spellcasting
 * Level 12.5 Necromancy


You had 26 spell levels left.
You knew the following spells:

 Your Spells              Type           Power      Damage    Failure   Level
a - Necrotise             Necr           100%       1d9       1%          1
b - Sting                 Tmut/Pois      48%        1d5       8%          1
c - Vampiric Draining     Necr           56%        2d10      1%          3
d - Poisonous Vapours     Pois/Air       22%        N/A       11%         2
e - Animate Dead          Necr           56%        N/A       1%          4

Your spell library contained the following spells:

 Spells                   Type           Power      Damage    Failure   Level
 Agony                    Necr           56%        N/A       1%          5
 Beastly Appendage        Tmut           22%        N/A       8%          1
 Summon Small Mammal      Summ           44%        N/A       8%          1
 Wereblood                Tmut           11%        N/A       11%         2
 Call Canine Familiar     Summ           11%        N/A       22%         3
 Frozen Ramparts          Ice            22%        1d4       22%         3
 Gell's Gravitas          Tloc           11%        N/A       22%         3
 Portal Projectile        Hex/Tloc       22%        N/A       22%         3
 Spider Form              Tmut/Pois      12%        N/A       22%         3
 Summon Guardian Golem    Hex/Summ       11%        N/A       22%         3
 Teleport Other           Tloc           11%        N/A       22%         3
 Tukima's Dance           Hex            11%        N/A       22%         3
 Vhi's Electric Charge    Tloc/Air       22%        N/A       22%         3
 Olgreb's Toxic Radiance  Pois           12%        N/A       56%         4
 Ice Form                 Ice/Tmut       11%        N/A       58%         4
 Summon Ice Beast         Ice/Summ       11%        N/A       58%         4
 Arcjolt                  Conj/Air       5%         1d15      90%         5
 Blade Hands              Tmut           5%         N/A       90%         5
 Dispersal                Tloc           5%         N/A       100%        6
 Malign Gateway           Summ/Tloc      5%         N/A       100%        7
 Maxwell's Capacitive Co  Air            5%         ∞         100%        8
 Summon Horrible Things   Summ           5%         N/A       100%        8


Dungeon Overview and Level Annotations

Branches:
Dungeon (11/15)            Temple (0/1) D:6            Lair (3/5) D:11
  Swamp (0/4) Lair:3       Spider (0/4) Lair:2          Orc (0/2) D:9
Gauntlet (visited)

Altars:
Ashenzari
Dithmenos
Elyvilon
Fedhas
Gozag
Makhleb
Nemelex Xobeh
Sif Muna
Trog
Xom
Yredelemnul
Zin

Shops:
D:3 =   D:7 ?

Annotations:
D:2 Sigmund
D:3 2 runed translucent doors, Rudyous's ghost, amateur FoEn
D:5 1 runed translucent door, Crazy Yiuf
Lair:1 3 runed translucent doors, Socuomm's ghost, novice AtDe; Vew Pil's ghost, journeyman DrTm; avis's ghost, journeyman VSTm; dolemite99's ghost, journeyman DsMo


Innate Abilities, Weirdness & Mutations

You have razor-sharp teeth.
Your natural rate of healing is unusually fast.
When hurt, damage is shared between your health and your magic reserves.
Your bite disrupts and absorbs the magic of your enemies.
Potions cannot restore your health.


Message History

Press: ? - help, Shift-Dir - straight line, f - catoblepas
Aim: a catoblepas (calcifying dust)
You draw life force from the catoblepas!
You feel life coursing into your body. The black mamba closely misses you.
The black mamba bites you but does no damage.
The catoblepas breathes a plume of calcifying dust at you.
The blast of calcifying dust hits you. The catoblepas gores you!!
The black mamba is engulfed in calcifying dust.
The black mamba is moving more slowly.
The black mamba bites you but does no damage.
Casting: Vampiric Draining (safe; 1% risk of failure)
Confirm with . or Enter, or press ? or * to list all spells.
Aiming: Vampiric Draining (safe; 1% risk of failure)
Press: ? - help, Shift-Dir - straight line, f - black mamba, p - catoblepas
Aim: a black mamba (calcifying dust, severely wounded, petrifying slowly)
You draw life force from the black mamba!
You feel life coursing into your body.
The black mamba is engulfed in calcifying dust.
The black mamba stops moving altogether!
The catoblepas gores you!!
* * * LOW HITPOINT WARNING * * *
The black mamba is engulfed in calcifying dust.
Casting: Vampiric Draining (safe; 1% risk of failure)
Confirm with . or Enter, or press ? or * to list all spells.
Aiming: Vampiric Draining (safe; 1% risk of failure)
Press: ? - help, Shift-Dir - straight line, f - catoblepas, p - black mamba
Aim: a catoblepas (lightly wounded)
You draw life force from the catoblepas!
You feel life coursing into your body!
The black mamba is engulfed in calcifying dust.
The catoblepas gores you!!
* * * LOW HITPOINT WARNING * * *
As you read the scroll of fear, it crumbles to dust.
You assume a fearsome visage.
The black mamba looks frightened!
The catoblepas resists with some effort.
The black mamba is engulfed in calcifying dust. x2
The catoblepas breathes a plume of calcifying dust at you.
The blast of calcifying dust hits you.
You die...

.. ... #.. ... .. .$#
..# ##...## #..# ## #
...####....#.##.#.#..#
.# ....♣....##..........
..##.......##...........
...###.>...#....@.......
.....#..##§.§.§SY.......
....<...................
..............#.###.###P
.............###.# ..#
...##.#.......# ## ....
..#...##.....## ...♣~~.
..#P....#....# ...♣§§§~.
........#....##
#P.~~§§§..


You could see a catoblepas and a black mamba (petrified, fleeing).

Vanquished Creatures
  A hydra (Lair:1)
  A centaur warrior (D:8)
  5 two-headed ogres
  A bog body (Lair:3)
  Pikel (D:9)
  A wolf spider (Lair:2)
  An oklob plant (D:11)
  2 manticores (D:11)
  Joseph (D:7)
  6 cane toads
  Psyche (D:10)
  A komodo dragon (Lair:1)
  2 kobold demonologists (D:10)
  2 rime drakes
  5 trolls
  A queen bee (D:9)
  A merfolk (D:10)
  A polar bear (Lair:2)
  5 blink frogs (Lair:1)
  A jumping spider (Lair:2)
  A shadow (D:6)
  A culicivora (Lair:2)
  A wraith (D:10)
  A human (D:10)
  18 yaks
  6 wyverns
  An acid dragon (D:8)
  8 water moccasins
  An orc warrior (D:10)
  3 sky beasts
  3 ice beasts
  3 black bears
  An ogre (D:5)
  5 centaurs
  4 wolves (Lair:1)
  2 phantoms
  A lemure (D:9)
  4 kobold brigands (D:10)
  A gnoll sergeant (D:10)
  11 bullfrogs
  A necrophage (D:10)
  3 scorpions
  9 wights (D:7)
  28 killer bees
  An electric eel (Lair:2)
  5 howler monkeys
  A crimson imp (D:10)
  2 jellies
  3 hounds
  4 sleepcaps
  A gnoll bouda (D:7)
  4 orc priests
  Ijyb (D:3)
  Jessica (D:3)
  10 orc wizards
  Terence (D:2)
  2 iguanas
  Natasha (twice) (D:2)
  8 gnolls
  11 adders
  A white imp (D:5)
  An ufetubus (D:5)
  2 worms
  2 dart slugs
  40 orcs
  6 bats (D:1)
  7 endoplasms
  5 giant cockroaches
  3 goblins
  7 hobgoblins
  17 jackals
  11 kobolds
  3 quokkas
  8 ball pythons
  2 frilled lizards
  6 rats
335 creatures vanquished.

Vanquished Creatures (collateral kills)
  A yak (Lair:3)
  A gnoll (D:4)
  A ball python (D:3)
  An endoplasm (D:1)
  A jackal (D:4)
  A kobold (D:4)
6 creatures vanquished.

Grand Total: 341 creatures vanquished

Notes
Turn   | Place    | Note
-------+----------+-------------------------------------------
     0 | D:1      | zlionsfan the Vine Stalker Necromancer began the quest for
                  | the Orb.
     0 | D:1      | Reached XP level 1. HP: 9/9 MP: 4/4
    93 | D:1      | Reached XP level 2. HP: 12/13 MP: 0/6
   279 | D:1      | Learned a level 1 spell: Sting
   384 | D:1      | Found a faded altar of an unknown god.
   393 | D:1      | Reached XP level 3. HP: 16/16 MP: 3/7
   406 | D:1      | Prayed at the altar of an unknown god.
   406 | D:1      | Became a worshipper of Makhleb the Destroyer
   406 | D:1      | Reached * piety under Makhleb
  1155 | D:2      | Noticed Sigmund
  1247 | D:2      | Reached ** piety under Makhleb
  1336 | D:2      | Noticed Natasha
  1346 | D:2      | Killed Natasha
  1347 | D:2      | Gained mutation: Your natural rate of healing is unusually
                  | fast. [Vine Stalker growth]
  1347 | D:2      | Reached XP level 4. HP: 13/21 MP: 2/9
  1417 | D:2      | Reached skill level 5 in Necromancy
  1513 | D:2      | Noticed a phantom
  1580 | D:2      | Killed a phantom
  1581 | D:2      | Reached XP level 5. HP: 25/25 MP: 8/11
  1596 | D:2      | Noticed Natasha
  1607 | D:2      | Killed Natasha
  1608 | D:2      | Reached skill level 1 in Fighting
  1615 | D:2      | Noticed Terence
  1634 | D:2      | Killed Terence
  1790 | D:3      | Found a sparkling altar of Nemelex Xobeh.
  1816 | D:3      | Found Cacehicw's Jewellery Shoppe.
  2002 | D:3      | Found a shadowy altar of Dithmenos.
  2018 | D:3      | Reached skill level 1 in Unarmed Combat
  2018 | D:3      | Reached XP level 6. HP: 13/30 MP: 4/13
  2083 | D:3      | Noticed Jessica
  2110 | D:3      | Killed Jessica
  2391 | D:3      | Found a runed translucent door.
  2392 | D:3      | Noticed Rudyous's ghost (amateur FoEn)
  2418 | D:3      | Found a shimmering altar of Xom.
  2467 | D:3      | Found a blossoming altar of Fedhas.
  2467 | D:3      | Found a burning altar of Makhleb.
  2485 | D:3      | Noticed Ijyb
  2489 | D:3      | Found a runed translucent door.
  2496 | D:3      | Killed Ijyb
  2630 | D:3      | Found a basalt altar of Yredelemnul.
  3144 | D:4      | Learned a level 3 spell: Vampiric Draining
  3156 | D:4      | Reached XP level 7. HP: 32/33 MP: 7/15
  3336 | D:4      | Reached skill level 5 in Spellcasting
  3398 | D:4      | Reached *** piety under Makhleb
  3904 | D:5      | Entered Level 5 of the Dungeon
  3931 | D:5      | Reached skill level 1 in Polearms
  4027 | D:5      | Found a white marble altar of Elyvilon.
  4183 | D:5      | Gained mutation: You have razor-sharp teeth. [Vine Stalker
                  | growth]
  4183 | D:5      | Reached XP level 8. HP: 39/39 MP: 13/17
  4301 | D:5      | Reached **** piety under Makhleb
  4677 | D:5      | Noticed a wyvern
  4683 | D:5      | Killed a wyvern
  4985 | D:5      | Found a runed translucent door.
  4986 | D:5      | Noticed Crazy Yiuf
  5173 | D:6      | Found a staircase to the Ecumenical Temple.
  5336 | D:6      | Reached XP level 9. HP: 43/43 MP: 18/20
  5339 | D:6      | Learned a level 2 spell: Poisonous Vapours
  5852 | D:6      | Identified 2 scrolls of acquirement
  5853 | D:6      | Acquired the +2 helmet of Haaxkicayrch {Rampage Slay+3}
  5861 | D:6      | Acquired a ring of magical power
  6696 | D:7      | Found Zipofecu's Magic Scroll Shop.
  6711 | D:7      | Bought a scroll of identify for 22 gold pieces
  6711 | D:7      | Bought a scroll of teleportation for 33 gold pieces
  6711 | D:7      | Bought a scroll of teleportation for 33 gold pieces
  6711 | D:7      | Bought a scroll of teleportation for 33 gold pieces
  7444 | D:7      | Noticed Joseph
  7454 | D:7      | Killed Joseph
  7455 | D:7      | Reached XP level 10. HP: 24/49 MP: 1/23
  7591 | D:7      | Noticed a moth of wrath
  7593 | D:7      | Found a bloodstained altar of Trog.
  8128 | D:8      | Noticed a two-headed ogre
  8157 | D:8      | Killed a two-headed ogre
  8309 | D:8      | Found an opulent altar of Gozag.
  8345 | D:8      | Noticed a centaur warrior
  8423 | D:8      | Reached ***** piety under Makhleb
  8454 | D:8      | Noticed a two-headed ogre
  8463 | D:8      | Killed a two-headed ogre
  8587 | D:8      | Noticed a two-headed ogre
  8596 | D:8      | Killed a two-headed ogre
  8775 | D:8      | Killed a centaur warrior
  8776 | D:8      | Reached skill level 10 in Spellcasting
  8776 | D:8      | Reached XP level 11. HP: 40/54 MP: 12/26
  8801 | D:8      | Learned a level 4 spell: Animate Dead
  8926 | D:8      | Reached skill level 5 in Fighting
  9066 | D:8      | Reached skill level 5 in Polearms
  9216 | D:9      | Noticed Pikel
  9284 | D:9      | Killed Pikel
  9285 | D:9      | Reached skill level 10 in Necromancy
  9386 | D:9      | Noticed a two-headed ogre
  9404 | D:9      | Killed a two-headed ogre
  9803 | D:9      | Reached skill level 1 in Armour
  9955 | D:9      | Found a staircase to the Orcish Mines.
 10003 | D:9      | Found a glowing silver altar of Zin.
 10105 | D:10     | Entered Level 10 of the Dungeon
 10164 | D:10     | Noticed Psyche
 10173 | D:10     | Killed Psyche
 10469 | D:10     | Found a shimmering blue altar of Sif Muna.
 10543 | D:10     | Noticed a two-headed ogre
 10553 | D:10     | Killed a two-headed ogre
 10880 | D:10     | Found a broken altar of Ashenzari.
 11129 | D:10     | Reached XP level 12. HP: 60/60 MP: 28/28
 11867 | D:11     | Noticed a boulder beetle
 12058 | D:11     | Found a staircase to the Lair.
 12142 | D:11     | Reached skill level 5 in Stealth
 12261 | Lair:1   | Entered Level 1 of the Lair of Beasts
 12527 | Lair:1   | Found a gate leading to a gauntlet.
 12562 | Gauntlet | Entered a Gauntlet
 12562 | Gauntlet | Found a transporter.
 12562 | Gauntlet | Found a transporter.
 12562 | Gauntlet | Found a transporter.
 12661 | Lair:1   | Found a runed translucent gate.
 12661 | Lair:1   | Found a runed translucent gate.
 12661 | Lair:1   | Found a runed translucent gate.
 12663 | Lair:1   | Noticed dolemite99's ghost (journeyman DsMo)
 12663 | Lair:1   | Noticed Socuomm's ghost (novice AtDe)
 12664 | Lair:1   | Noticed Vew Pil's ghost (journeyman DrTm)
 12664 | Lair:1   | Noticed avis's ghost (journeyman VSTm)
 12850 | Lair:1   | Noticed an eight-headed hydra
 12863 | Lair:1   | Killed an eight-headed hydra
 12864 | Lair:1   | Reached skill level 5 in Dodging
 13225 | Lair:1   | Noticed a skyshark
 13599 | Lair:2   | Reached ****** piety under Makhleb
 13682 | Lair:2   | Found a hole to the Spider Nest.
 14158 | Lair:2   | Reached XP level 13. HP: 51/67 MP: 25/30
 14514 | Lair:3   | Found a staircase to the Swamp.
 14545 | Lair:3   | HP: 2/67 [catoblepas (24)]
 14546 | Lair:3   | Killed from afar by a catoblepas

Illustrated notes

Levels and vault maps discovered:
D:1:      dpeg_arrival_orchard, layout_loops_ring,
          chequers_ecumenical_altar_island
D:2:      layout_rooms, serial_curves, eino_curves_02, eino_curves_04,
          eino_curves_01, uniq_sigmund, uniq_terence, uniq_natasha
D:3:      layout_basic, xom_butterflies,
          nicolae_dithmenos_through_a_glass_darkly,
          mainiacjoe_overflow_small_starburst,
          gammafunk_temple_overflow_elements, mainiacjoe_overflow_alcove_4,
          ebering_ghost_sewer_f, serial_shops, shop, uniq_ijyb, uniq_jessica
D:4:      layout_loops_ring
D:5:      layout_loops_ring, elyvilon_altar_1, minmay_misc_feat_columns,
          minivault_24, kennysheep_dice, uniq_crazy_yiuf_cottage
D:6:      kennysheep_six_static_rooms, layout_layer_cave,
          kennysheep_generic_room_13
D:7:      layout_basic, tgw_trog, nicolae_wu_jian_glorious_leap, serial_shops,
          shop, uniq_joseph
D:8:      layout_gridville, nicolae_gozag_cash_rules_everything_around_me,
          minmay_manual_monolith
D:9:      layout_cave_pools, kennysheep_mini, orc_0_dummy, special_room
          [special_room_bee], uniq_pikel
D:10:     kennysheep_ambush_hall, layout_gridville,
          mainiacjoe_overflow_cross_hatched, mainiacjoe_overflow_brackets,
          hangedman_stone_soup, uniq_psyche
D:11:     layout_long_grid, dpeg_oklobed_lair, gammafunk_ghost_nasty_kobolds
Lair:1:   lemuel_slime, layout_gridlike, gauntlet_entry_generic,
          gammafunk_ghost_cemetery, minmay_shattered_shrine
Lair:2:   layout_roguey, spider_nest_entry_funnel_web,
          nicolae_quartered_pool_little, serial_bayou_lagoon_a,
          grunt_megastairs_3, serial_bayou_shore_b, lemuel_fruit_tree
Lair:3:   layout_regular_city, skrybe_swamp_entry_bodies, grunt_megastairs_5,
          uniq_rupert

Skill      XL: |  1  2  3  4  5  6  7  8  9 10 11 12 13 |
---------------+----------------------------------------+-----
Spellcasting   | 3 4 5 7 8 10 11 12 | 12.5
Necromancy     | 5 6 7 8 9 11 12 | 12.5
Fighting       | 1 2 4 5 7 |  7.3
Unarmed Combat | 1 |  1.2
Dodging        | 2 3 4 5 |  5.2
Polearms       | 1 2 3 4 5 6 7 |  7.0
Stealth        | 3 4 5 |  5.5
Armour         | 1 2 |  2.7

Action                     |  1- 3 |  4- 6 |  7- 9 | 10-12 | 13-15 || total
---------------------------+-------+-------+-------+-------+-------++-------
  Melee: Unarmed           |    40 |   106 |     2 |       |       ||   148
         Bite              |    11 |    26 |    89 |   185 |    13 ||   324
         Punch             |       |     1 |    12 |    10 |     1 ||    24
         Spear             |       |       |   256 |   492 |    34 ||   782
   Cast: Necrotise         |    59 |    67 |    92 |    78 |     5 ||   301
         Sting             |       |     1 |     3 |       |       ||     4
         Vampiric Draining |       |       |    12 |    47 |     3 ||    62
    Use: Scroll            |       |       |    10 |    16 |     5 ||    31
         Potion            |       |       |     1 |     3 |       ||     4
   Stab: Sleeping          |     5 |     8 |     6 |    11 |     1 ||    31
         Distracted        |       |       |       |     1 |       ||     1
 Armour: Robe              |     9 |    10 |    50 |    31 |       ||   100
         Leather armour    |       |       |       |   113 |     9 ||   122
  Dodge: Dodged            |    38 |   109 |   278 |   463 |    21 ||   909
